 Dungeon Crawl Stone Soup version 0.17-a0-1976-g482a304 (webtiles) character file.

12490 Ordine the Grappler (level 11, -20/126 HPs)
             Began as a Troll Monk on Oct 5, 2015.
             Killed from afar by Garrluk's ghost (33 damage)
             ... with a bolt of negative energy
             ... on level 11 of the Dungeon.
             The game lasted 00:36:05 (8907 turns).

Ordine the Grappler (Troll Monk)                    Turns: 8907, Time: 00:36:06

Health: -20/126    AC: 10    Str: 26    XL:     11   Next: 63%
Magic:  10/10      EV: 20    Int:  6    God:
Gold:   542        SH:  0    Dex: 20    Spells: 0 memorised, 10 levels left

rFire  . . .     SeeInvis +       - Unarmed
rCold  . . .     Clarity  .     a - +1 robe
rNeg   . . .     SustAt   +     (no shield)
rPois  +         Gourm    +     A - +1 hat
rElec  .         Spirit   .     m - +2 cloak
rCorr  +         Warding  .     (gloves unavailable)
rMut   .         Stasis   .     (boots unavailable)
MR     .....                    H - amulet of resist corrosion
Stlth  ++++......               h - ring of sustain attributes
                                p - ring "Pimag" {rPois MR- Slay+2 SInv Stlth+}

@: mighty, agile, lethally poisoned (-20 -> -22), heavily drained, not resistant
to hostile enchantments, stealthy
A: unfitting armour, claws 3, molten scales 1, see invisible, deformed body,
fast metabolism 3, gourmand, regeneration 2, robust 1, shaggy fur 1, tough skin
2, subdued magic 1
a: no special abilities


You were on level 11 of the Dungeon.
You were very full.

You visited 2 branches of the dungeon, and saw 12 of its levels.
You also visited: Ossuary.

You collected 930 gold pieces.
You spent 388 gold pieces at shops.

Inventory:

Armour
 a - a +1 robe (worn)
 m - a +2 cloak (worn)
 A - a +1 hat (worn)
Jewellery
 h - a ring of sustain attributes (right claw)
 n - an uncursed ring of protection from fire
 p - the ring "Pimag" (left claw) {rPois MR- Slay+2 SInv Stlth+}
   (You bought it in a shop on level 4 of the Dungeon)

   [ring of see invisible]

   It affects your accuracy and damage with ranged weapons and melee attacks
   (+2).
   It protects you from poison.
   It affects your resistance to hostile enchantments.
   It lets you see invisible.
   It makes you more stealthy.
 q - an uncursed ring of protection from fire
 F - an uncursed ring of flight
 H - an amulet of resist corrosion (around neck)
Wands
 l - a wand of digging (12)
 s - a wand of digging (9)
 v - a wand of cold (0)
 I - a wand of paralysis (12)
Scrolls
 i - 6 scrolls of remove curse
 j - 2 scrolls of magic mapping
 k - 4 scrolls of teleportation
 z - a scroll of enchant armour
 B - a scroll of recharging
 E - 3 scrolls of identify
 J - a scroll of immolation
Potions
 e - a potion of ambrosia
 f - a potion of cancellation
 g - 2 potions of might
 t - 2 potions of flight
 D - a potion of agility
Books
 w - a book of Ice

   Spells                             Type                      Level
   a - Ice Form                       Ice/Transmutation            4
   b - Metabolic Englaciation         Hexes/Ice                    5
   c - Ozocubu's Refrigeration        Ice                          6
   d - Bolt of Cold                   Conjuration/Ice              6
   e - Freezing Cloud                 Conjuration/Ice/Air          6
   f - Simulacrum                     Ice/Necromancy               6
 y - a book of Power

   Spells                             Type                      Level
   a - Fulminant Prism                Conjuration/Hexes            4
   b - Iskenderun's Mystic Blast      Conjuration                  4
   c - Venom Bolt                     Conjuration/Poison           5
   d - Bolt of Magma                  Conjuration/Fire/Earth       5
   e - Iron Shot                      Conjuration/Earth            6
   f - Orb of Destruction             Conjuration                  7
   g - Spellforged Servitor           Conjuration/Summoning        7
Comestibles
 b - 12 bread rations
 c - 8 fruits
 d - 6 meat rations
 u - a royal jelly
 x - 4 beef jerkies
 C - 7 slices of pizza
 K - 10 chunks of flesh


   Skills:
 + Level 9.3(6.9) Fighting
 + Level 9.2(6.9) Dodging
 - Level 1.1(0.0) Stealth
 - Level 12.0(9.5) Unarmed Combat


You had 10 spell levels left.
You didn't know any spells.

Dungeon Overview and Level Annotations

Branches:
Dungeon (11/15)            Temple (1/1) D:7
   Lair: D:8-11         Orc: D:9-12

Altars:
Ashenzari
Cheibriados
Dithmenos
Elyvilon
Fedhas
Gozag
Kikubaaqudgha
Makhleb
Nemelex Xobeh
Okawaru
Qazlal
Ru
Sif Muna
Trog
Vehumet
Xom
Yredelemnul
Zin
The Shining One
Beogh

Shops:
D:4 *=?%   D:8 :   D:11 [

Annotations:
D:11 Garrluk's ghost, journeyman DrCj


Innate Abilities, Weirdness & Mutations

You are too large for most types of armour.
You have claws for hands.
Your metabolism is lightning-fast.
You like to eat raw meat.
You heal very quickly.
You are covered in fur (AC +1).
You have very tough skin (AC +2).
You are partially covered in molten scales (AC +1).
You have supernaturally acute eyesight.
Armour fits poorly on your strangely shaped body.
You are robust (+10% HP).
Your spells are a little easier to cast, but a little less powerful.


Message History

You are poisoned.
The wyvern zombie misses you.
You barely miss Garrluk's ghost.
Garrluk's ghost is severely damaged.
You feel sick. The wyvern zombie misses you.
Garrluk's ghost hits you but does no damage.
You are more poisoned.
You closely miss Garrluk's ghost.
Garrluk's ghost is heavily damaged.
You feel sick. The wyvern zombie closely misses you. Garrluk's ghost hits you.
* * * LOW HITPOINT WARNING * * *
You closely miss Garrluk's ghost.
Garrluk's ghost is heavily damaged.
You feel sick. The wyvern zombie closely misses you.
You closely miss Garrluk's ghost.
Garrluk's ghost is heavily damaged.
You feel sick.
Garrluk's ghost breathes negative energy at you.
The bolt of negative energy hits you!
You feel drained.
You die...

.........# ..
.........###.
............ ...........
.......... ... #......#
.........# #..# #.....)#
.........# #..# #......#
.......(Z# #..# #......#
.......(@# #..# #......#
......)W.# #..###<.....#
.......()####..?.........
...####.*..........>.....
.. #........####⌠.⌠#.. .
#..####..# #.∩.... #..#
#..# #⌠.⌠... #..# #..#
#..##.. #..# #..# #..##..


You could see Garrluk's ghost and a wyvern zombie.

Vanquished Creatures
  Gastronok (D:8)
  2 hill giants (D:10)
  The ghost of thewizardguy the Shield-Bearer, a novice HOFi of Beogh (D:6)
  A gargoyle (D:10)
  A troll (D:11)
  Prince Ribbit (D:5)
  A slime creature (D:7)
  A boulder beetle (D:8)
  2 trapdoor spider zombies
  A deep elf mage (D:9)
  A wraith (D:7)
  A wyvern (D:11)
  A human (D:8)
  11 yaks (D:10)
  A hippogriff (D:10)
  A wolf (D:10)
  Edmund (D:5)
  A black bear (D:8)
  2 sky beasts
  7 orc warriors
  6 ice beasts
  2 wasps
  2 centaurs
  An eye of draining (D:10)
  4 phantoms
  6 ogres
  A big kobold (D:11)
  A crocodile (D:7)
  4 giant frogs
  4 scorpions
  2 electric eels (D:10)
  6 crimson imps
  A centaur skeleton (D:7)
  3 giant frog zombies
  11 jellies
  8 orc wizards
  3 giant frog skeletons
  An iguana (D:4)
  5 orc priests
  11 hounds
  10 worker ants
  4 sheep (D:8)
  A big kobold zombie (Ossuary)
  A hound zombie (D:5)
  8 mummies (Ossuary)
  2 worker ant zombies
  3 gnolls (D:5)
  A white imp (D:10)
  11 adders
  A shadow imp (D:7)
  14 oozes
  2 ufetubi (D:10)
  An adder zombie (D:8)
  2 worms
  2 giant geckos
  44 orcs
  9 bats
  2 giant cockroaches
  8 goblins
  8 hobgoblins
  13 jackals
  A ball python (D:1)
  3 giant newts (D:1)
  2 gnoll zombies (Ossuary)
  A hobgoblin zombie (Ossuary)
  13 kobolds
  3 kobold zombies (Ossuary)
  An orc zombie (Ossuary)
  4 quokkas
  A quokka zombie (D:8)
  3 rats
300 creatures vanquished.

Vanquished Creatures (others)
  2 orcs (D:11)
  6 fungi (D:7)
8 creatures vanquished.

Grand Total: 308 creatures vanquished

Notes
Turn   | Place    | Note
--------------------------------------------------------------
     0 | D:1      | Ordine the Troll Monk began the quest for the Orb.
     0 | D:1      | Reached XP level 1. HP: 22/22 MP: 0/0
   151 | D:1      | Reached XP level 2. HP: 27/29 MP: 1/1
   489 | D:1      | Reached skill level 5 in Unarmed Combat
   489 | D:1      | Reached XP level 3. HP: 36/36 MP: 2/2
  1000 | D:2      | Found a shimmering altar of Xom.
  1077 | D:2      | Found a burning altar of Makhleb.
  1168 | D:3      | Found a snail-covered altar of Cheibriados.
  1275 | D:3      | Found a deep blue altar of Sif Muna.
  1333 | D:3      | Reached XP level 4. HP: 44/44 MP: 3/3
  1492 | D:3      | Reached skill level 6 in Unarmed Combat
  1699 | D:3      | Found a shadowy altar of Dithmenos.
  1764 | D:4      | Reached XP level 5. HP: 45/50 MP: 4/4
  1824 | D:4      | Found Lemushos's Magic Scroll Shoppe.
  1842 | D:4      | Bought a scroll of identify for 28 gold pieces
  1842 | D:4      | Bought a scroll of identify for 28 gold pieces
  1883 | D:4      | Found a glowing golden altar of the Shining One.
  1943 | D:4      | Found a sand-covered staircase.
  1950 | Ossuary  | Entered an ossuary
  1981 | Ossuary  | Reached skill level 7 in Unarmed Combat
  1998 | Ossuary  | Reached XP level 6. HP: 53/59 MP: 5/5
  2209 | Ossuary  | Gained mutation: Armour fits poorly on your strangely shaped body. [potion of mutation]
  2209 | Ossuary  | Gained mutation: Your mind is acute. (Int +2) [potion of mutation]
  2209 | Ossuary  | Gained mutation: You have supernaturally acute eyesight. [potion of mutation]
  2210 | Ossuary  | Gained mutation: You are weak. (Str -2) [potion of mutation]
  2210 | Ossuary  | Lost mutation: You are weak. (Str -2) [potion of mutation]
  2210 | Ossuary  | Gained mutation: You are robust (+10% HP). [potion of mutation]
  2263 | D:4      | Reached skill level 8 in Unarmed Combat
  2458 | D:4      | Found a sparkling altar of Nemelex Xobeh.
  2459 | D:4      | Found an iron altar of Okawaru.
  2532 | D:4      | Found Edghyxt's Jewellery Shop.
  2540 | D:4      | Bought the ring "Pimag" {rPois MR- Slay+2 SInv Stlth+} for 332 gold pieces
  2542 | D:4      | Found Kokiuroc's General Store.
  2584 | D:4      | Found Techit's Food Emporium.
  2715 | D:4      | Found a blossoming altar of Fedhas.
  3030 | D:4      | Reached XP level 7. HP: 64/72 MP: 6/6
  3059 | D:4      | Reached skill level 9 in Unarmed Combat
  3161 | D:5      | Entered Level 5 of the Dungeon
  3172 | D:5      | Noticed Prince Ribbit
  3176 | D:5      | Killed Prince Ribbit
  3207 | D:5      | Reached skill level 10 in Unarmed Combat
  3244 | D:5      | Reached XP level 8. HP: 70/81 MP: 7/7
  3471 | D:5      | Noticed Edmund
  3482 | D:5      | Killed Edmund
  3565 | D:5      | Reached skill level 11 in Unarmed Combat
  3805 | D:6      | Noticed thewizardguy's ghost (novice HOFi)
  3835 | D:6      | Killed thewizardguy's ghost
  3835 | D:6      | Reached skill level 12 in Unarmed Combat
  3847 | D:6      | Reached XP level 9. HP: 84/88 MP: 8/8
  4404 | D:6      | Found a basalt altar of Yredelemnul.
  4589 | D:7      | Found a stormy altar of Qazlal.
  4809 | D:7      | Found a staircase to the Ecumenical Temple.
  4830 | Temple   | Entered the Ecumenical Temple
  5144 | D:7      | Reached skill level 5 in Fighting
  5144 | D:7      | Reached skill level 5 in Dodging
  5794 | D:8      | Found Jaink's Book Shoppe.
  5966 | D:8      | Reached XP level 10. HP: 101/105 MP: 9/9
  6076 | D:8      | Gained mutation: You are partially covered in molten scales (AC +1). [mutagenic meat]
  6077 | D:8      | Lost mutation: Your mind is acute. (Int +2) [mutagenic meat]
  6078 | D:8      | Gained mutation: Your spells are a little easier to cast, but a little less powerful. [mutagenic meat]
  6133 | D:8      | Noticed Gastronok
  6147 | D:8      | Killed Gastronok
  6601 | D:8      | Found a deep blue altar of Sif Muna.
  6976 | D:9      | Found an opulent altar of Gozag.
  7140 | D:9      | Found a roughly hewn altar of Beogh.
  7491 | D:9      | Found a sacrificial altar of Ru.
  7589 | D:10     | Entered Level 10 of the Dungeon
  7603 | D:10     | Reached XP level 11. HP: 120/122 MP: 10/10
  7651 | D:10     | Noticed a hill giant
  7665 | D:10     | Killed a hill giant
  8174 | D:10     | Noticed a hill giant
  8183 | D:10     | Killed a hill giant
  8849 | D:11     | Found Seno's Antique Armour Emporium.
  8865 | D:11     | Noticed Garrluk's ghost (journeyman DrCj)
  8907 | D:11     | Killed from afar by Garrluk's ghost

Vault maps used:
D:1:      onia_arrival_mini_maze_b
D:2:      nicolae_overflow_hidden_temple, lemuel_doored_altar
D:3:      cheibriados_altar_1, overflow_temple_1_default, old_standard_altar,
          first_bread
D:4:      gammafunk_temple_overflow_pools, lemuel_round_altar, tso_altar,
          serial_shops, shop, shop, nicolae_shop_stone, shop,
          nicolae_ossuary_entry_plus
D:5:      wad_pebble_path, minmay_misc_feat_encased, fountainhead, uniq_edmund,
          uniq_prince_ribbit1
D:6:      lemuel_crystal_altar
D:7:      lemuel_slime, grunt_qazlal_clouds,
          minmay_temple_entry_statues_fountains
D:8:      boulder_corridor_run, serial_shops, nicolae_shop_stone,
          grunt_livestock, lemuel_blue_sif_altar, uniq_gastronok
D:9:      nicolae_ru_the_path_less_chosen, kennysheep_little_box
D:10:     serial_ice, serial_ice_m, serial_ice_j, serial_ice_a, serial_ice_o
D:11:     erik_lair_dragon, serial_shops, shop_fountains
Temple:   circular_temple_6
Ossuary:  ossuary_tomb_3

Action                   |  1- 3 |  4- 6 |  7- 9 | 10-12 || total
-------------------------+-------+-------+-------+-------++-------
Melee: Unarmed           |    81 |   157 |   244 |   337 ||   819
Evoke: Wand              |       |       |       |     7 ||     7
  Use: Scroll            |       |    18 |     6 |     4 ||    28
       Potion            |       |     4 |       |    12 ||    16
 Stab: Sleeping          |     5 |       |    14 |     3 ||    22
       Distracted        |     1 |       |     2 |     2 ||     5
       Fleeing           |       |       |       |     1 ||     1
  Eat: Chunk             |    16 |     9 |    30 |    35 ||    90
